 Dungeon Crawl Stone Soup version 0.31-a0-16-g6d2539766c (webtiles) character file.

Game seed: 7647196904107226174

3393 IdlyInterested the Fighter (level 9, -2/82 HPs)
             Began as a Demonspawn Wanderer on May 8, 2023.
             Succumbed to a hornet's poison
             ... while paralysed by a hornet
             ... on level 9 of the Dungeon.
             The game lasted 00:25:34 (7873 turns).

IdlyInterested the Fighter (Demonspawn Wanderer)    Turns: 7873, Time: 00:25:35

Health: -2/82      AC: 13    Str: 15    XL:     9   Next: 75%
Magic:  0/9        EV:  2    Int: 11    God:
Gold:   69         SH:  0    Dex: 26    Spells: 8/8 levels left

rFire   . . .        e - +3 long sword
rCold   . . .        (no shield)
rNeg    + . .        l - +0 steam dragon scales
rPois   .            (helmet restricted)
rElec   .            (no cloak)
rCorr   .            T - +2 pair of gloves {Dex+3}
SInv    .            c - +0 pair of boots
Will    .....        E - amulet of guardian spirit
Stlth   ++           z - ring of positive energy
HPRegen 0.33/turn    J - +6 ring of strength
MPRegen 0.11/turn

%: guardian spirit
@: paralysed, lethally poisoned (-2 -> -23), slowed
A: antennae 1, molten scales 2, spiny 1
a: no special abilities


You were on level 9 of the Dungeon.
You visited 2 branches of the dungeon, and saw 10 of its levels.

You collected 413 gold pieces.
You spent 344 gold pieces at shops.

Inventory:

Hand Weapons
 e - a +3 long sword (weapon)
 n - a +0 dagger of draining
 q - a +1 dagger of speed
 s - a +0 broad axe
 D - a +1 whip of draining
 K - a +0 rapier
 P - a +5 dagger
 R - a +2 battleaxe
 U - a +4 trident
 W - a +4 dagger of freezing
 Y - a +4 halberd
Missiles
 g - 83 stones (quivered)
 m - 34 poisoned darts
 M - 4 silver boomerangs
Armour
 c - a +0 pair of boots (worn)
 l - +0 steam dragon scales (worn)
 o - a +0 pair of gloves
 p - a +0 plate armour
 H - a +0 pair of boots
 Q - a +2 robe of willpower
 T - a +2 pair of gloves of dexterity (worn)
 V - a +2 robe of fire resistance
 X - a +0 chain mail
Jewellery
 t - a ring of ice
 z - a ring of positive energy (left hand)
 E - an amulet of guardian spirit (around neck)
 J - a +6 ring of strength (right hand)
 S - a ring of wizardry
Wands
 y - a wand of roots (22)
 Z - a wand of mindburst (13)
Scrolls
 d - 2 scrolls of teleportation
 k - a scroll of amnesia
 r - 2 scrolls of enchant weapon {unknown}
 v - a scroll of vulnerability
 w - a scroll of fear {unknown}
 x - a scroll of noise {unknown}
 B - a scroll of enchant armour {unknown}
 I - 2 scrolls of blinking
 O - a scroll of poison
Potions
 a - a potion of resistance
 b - 6 potions of curing
 f - a potion of berserk rage
 h - 3 potions of lignification
 i - 4 potions of brilliance
 j - a potion of mutation
 u - a potion of magic
 A - a potion of invisibility
 C - 3 potions of haste
 F - 2 potions of attraction
 N - 2 potions of flight


   Skills:
 * Level 12.0 Fighting
 - Level 1.0 Throwing
 + Level 5.0 Armour
 - Level 5.0 Dodging
 - Level 1.0 Stealth
 - Level 3.6 Unarmed Combat
 - Level 1.0 Evocations


You had 8 spell levels left.
You didn't know any spells.
Your spell library contained the following spells:

 Spells                   Type           Power      Damage    Failure   Level
 Summon Small Mammal      Summ           0%         N/A       34%         1
 Ensorcelled Hibernation  Hex/Ice        0%         N/A       47%         2
 Passwall                 Tmut/Erth      0%         N/A       47%         2
 Static Discharge         Conj/Air       0%         2-2/arc   47%         2
 Call Canine Familiar     Summ           0%         N/A       71%         3
 Summon Guardian Golem    Hex/Summ       0%         N/A       71%         3
 Swiftness                Air            0%         N/A       71%         3
 Airstrike                Air            0%         2d(0-16)  98%         4
 Summon Lightning Spire   Summ/Air       0%         N/A       98%         4


Dungeon Overview and Level Annotations

Branches:
Dungeon (9/15)             Temple (1/1) D:5            Lair (0/5) D:8
    Orc: D:9-12

Altars:
Ashenzari
Dithmenos
Hepliaklqana
Kikubaaqudgha
Makhleb
Nemelex Xobeh
Okawaru
Qazlal
Ru
Sif Muna
Trog
Uskayaw
Vehumet
Wu Jian
Xom
Yredelemnul

Shops:
D:7 *


Innate Abilities, Weirdness & Mutations

You have a pair of small antennae on your head.
You are mostly covered in molten scales. (AC +3)
You are partially covered in sharp spines.


Message History

The hornet stings you.
You are more poisoned.
You suddenly lose the ability to move!
The hornet stings you!
You feel yourself slow down.
You can move again.
You closely miss the hornet.
The hornet is moderately wounded.
You feel yourself speed up.
You feel extremely sick. The hornet stings you!
You are more poisoned.
You feel yourself slow down. The hornet is struck by your spines.
The hornet stings you.
You feel as though you will be slow longer.
The hornet misses you.
You hit the hornet but do no damage.
The hornet is moderately wounded.
You feel extremely sick. The hornet stings you.
You are more poisoned.
You feel as though you will be slow longer.
The hornet stings you!
* * * LOW HITPOINT WARNING * * *
You are more poisoned.
You feel as though you will be slow longer.
The hornet stings you.
* * * LOW HITPOINT WARNING * * *
You feel as though you will be slow longer.
You feel better. The hornet barely misses you. The hornet stings you!
* * * LOW HITPOINT WARNING * * *
You suddenly lose the ability to move!
The hornet stings you!
* * * LOW HITPOINT WARNING * * *
You are lethally poisoned!
You feel as though you will be slow longer.
The hornet is struck by your spines. The hornet stings you.
* * * LOW HITPOINT WARNING * * *
You are more poisoned.
You feel as though you will be slow longer.
You die...

#####.......# ......
#.......# ......
#.......# ...... #
.......).##...... ..
....###........... ...
..... #.........#.....
.....###.....###+#.<...
.........#.........
........!..@y......
.....###...........
....# #...#.##.... ....
#####..+ ... .## ..# .
..# .## ..


You could see a hornet.

Vanquished Creatures
  2 steam dragons
  Grum (D:7)
  2 water moccasins (D:7)
  3 ice beasts
  A black bear (D:6)
  An orc warrior (D:8)
  An ogre (D:5)
  2 wolves
  A kobold brigand (D:7)
  3 bullfrogs
  3 scorpions
  11 wights
  A howler monkey (D:7)
  5 hounds
  6 orc priests
  3 iron imps (D:3)
  4 jellies
  2 sleepcaps
  Natasha (thrice) (D:3)
  3 iguanas
  5 orc wizards
  4 adders
  2 shadow imps (D:7)
  3 white imps
  An ufetubus (D:5)
  A worm (D:2)
  2 dart slugs (D:4)
  19 orcs
  4 ball pythons
  6 bats
  3 endoplasms
  9 giant cockroaches
  11 goblins
  6 hobgoblins
  13 jackals
  13 kobolds
  A quokka (D:3)
  8 rats
169 creatures vanquished.

Notes
Turn   | Place    | Note
-------+----------+-------------------------------------------
     0 | D:1      | IdlyInterested the Demonspawn Wanderer began the quest for
                  | the Orb.
     0 | D:1      | IdlyInterested set off with the following items: a +0
                  | dagger, a potion of curing, a +0 pair of boots, a scroll of
                  | teleportation, a +0 robe, 2 potions of berserk rage.
     0 | D:1      | Reached XP level 1. HP: 19/19 MP: 1/1
   408 | D:1      | Reached skill level 1 in Armour
   408 | D:1      | Gained mutation: You are partially covered in sharp spines.
                  | [demonic ancestry]
   408 | D:1      | Reached XP level 2. HP: 22/25 MP: 2/2
   762 | D:2      | Reached skill level 1 in Throwing
   776 | D:2      | Reached XP level 3. HP: 21/31 MP: 3/3
  1220 | D:2      | Reached skill level 1 in Evocations
  1304 | D:2      | Found a faded altar of an unknown god.
  1818 | D:3      | Found a hide-covered altar of Uskayaw.
  1965 | D:3      | Found a burning altar of Makhleb.
  1987 | D:3      | Reached skill level 5 in Fighting
  1987 | D:3      | Reached XP level 4. HP: 34/39 MP: 4/4
  2003 | D:3      | Gained mutation: You are partially covered in molten
                  | scales. (AC +2) [demonic ancestry]
  2003 | D:3      | Reached XP level 5. HP: 27/44 MP: 3/5
  2160 | D:3      | Noticed Natasha
  2163 | D:3      | Found a bloodstained altar of Trog.
  2170 | D:3      | Killed Natasha
  2202 | D:3      | Noticed Natasha
  2211 | D:3      | Killed Natasha
  2301 | D:3      | Noticed Natasha
  2315 | D:3      | Killed Natasha
  2382 | D:4      | Noticed an ice beast
  2393 | D:4      | Killed an ice beast
  2394 | D:4      | Reached skill level 6 in Fighting
  2394 | D:4      | Gained mutation: You are mostly covered in molten scales.
                  | (AC +3) [demonic ancestry]
  2394 | D:4      | Reached XP level 6. HP: 52/52 MP: 6/6
  2600 | D:4      | Found an ornate altar of the Wu Jian Council.
  2701 | D:4      | Noticed an ice beast
  2714 | D:4      | Killed an ice beast
  2715 | D:4      | Reached skill level 7 in Fighting
  2715 | D:4      | Reached XP level 7. HP: 54/60 MP: 7/7
  2792 | D:4      | Found an iron altar of Okawaru.
  2935 | D:5      | Entered Level 5 of the Dungeon
  3055 | D:5      | Found a sacrificial altar of Ru.
  3077 | D:5      | Found a staircase to the Ecumenical Temple.
  3089 | Temple   | Entered the Ecumenical Temple
  3411 | D:5      | Reached skill level 8 in Fighting
  3677 | D:5      | Found a hazy altar of Hepliaklqana.
  3853 | D:5      | Reached XP level 8. HP: 50/69 MP: 5/8
  3922 | D:5      | Found a basalt altar of Yredelemnul.
  3924 | D:5      | Found a shimmering altar of Xom.
  3926 | D:5      | Found a shimmering altar of Xom.
  3926 | D:5      | Found a basalt altar of Yredelemnul.
  4126 | D:6      | Reached skill level 9 in Fighting
  5492 | D:7      | Reached skill level 10 in Fighting
  5920 | D:7      | Found Pokhun's General Store.
  6005 | D:7      | Gained mutation: You have a pair of small antennae on your
                  | head. [demonic ancestry]
  6005 | D:7      | Reached XP level 9. HP: 67/79 MP: 6/9
  6279 | D:7      | Found a basalt altar of Yredelemnul.
  6393 | D:7      | Found a shimmering blue altar of Sif Muna.
  6399 | D:7      | Found a shadowy altar of Dithmenos.
  6474 | D:7      | Bought a +2 pair of gloves of dexterity for 344 gold pieces
  6632 | D:8      | Reached skill level 11 in Fighting
  6711 | D:8      | Reached skill level 5 in Armour
  6950 | D:8      | Noticed Grum
  7014 | D:7      | Killed Grum
  7352 | D:8      | Found a staircase to the Lair.
  7476 | D:8      | Reached skill level 12 in Fighting
  7476 | D:8      | Reached skill level 5 in Dodging
  7761 | D:8      | Found a broken altar of Ashenzari.
  7868 | D:9      | Paralysed by a hornet for 1 turns
  7871 | D:9      | Paralysed by a hornet for 3 turns
  7872 | D:9      | HP: 2/82 [hornet (4)]
  7873 | D:9      | Succumbed to a hornet's poison

Illustrated notes

Levels and vault maps discovered:
D:1:      minmay_arrival_solitary_statue, layout_basic
D:2:      layout_basic, hellmonk_ecumenical_altar_leap_of_faith,
          chequers_serial_rivers_small_3, minmay_fountain_box,
          minmay_worlds_worst_comb
D:3:      layout_basic, mainiacjoe_overflow_paths, nicolae_uskayaw_dance_hall,
          demons_altar, uniq_natasha
D:4:      layout_rooms, nicolae_wu_jian_glorious_leap,
          mainiacjoe_overflow_brackets
D:5:      layout_cave_pools, overflow_temple_1_default, doesnt_xom_only_xom,
          lemuel_tele_altar, minmay_temple_entry_waves, minmay_ogre_servants
D:6:      layout_layer_cave
D:7:      layout_rooms, kennysheep_little_box, mainiacjoe_overflow_alcove_1,
          minitemple, serial_shops, shop
D:8:      layout_rooms, lemuel_coloured_pillars_altar, dpeg_oklobed_lair,
          uniq_grum
D:9:      layout_basic, slow_altar_1, mainiacjoe_overflow_small_starburst,
          hellmonk_ghost_happy_afterlife, enter_bailey_4,
          kennysheep_generic_room_15
Temple:   hellmonk_temple_flake

Skill      XL: |  1  2  3  4  5  6  7  8  9 |
---------------+----------------------------+-----
Armour         | 1 2 3 4 5 |  5.0
Throwing       | 1 |  1.0
Evocations     | 1 |  1.0
Fighting       | 5 6 7 8 10 12 | 12.0
Dodging        | 2 3 4 5 |  5.0
Stealth        | |  1.0
Unarmed Combat | |  3.6

Action                     |  1- 3 |  4- 6 |  7- 9 || total
---------------------------+-------+-------+-------++-------
  Melee: Dagger            |    88 |       |    99 ||   187
         Punch             |     5 |     3 |    15 ||    23
         Short sword       |    54 |    43 |       ||    97
         Whip              |       |    41 |   163 ||   204
         Long sword        |       |       |    41 ||    41
  Throw: Stone             |       |     2 |     8 ||    10
    Use: Potion            |     1 |     2 |     3 ||     6
         Scroll            |       |     1 |     8 ||     9
   Stab: Sleeping          |     5 |       |       ||     5
 Armour: Robe              |    26 |       |    16 ||    42
         Scale mail        |    27 |    37 |   123 ||   187
  Dodge: Dodged            |    81 |    32 |   194 ||   307

Table legend: (Time is in decaauts)
 A = Elapsed time spent in this place.
 B = Non-inter-level travel time spent in this place.
 C = Inter-level travel time spent in this place.
 D = Time resting spent in this place.
 E = Time spent auto-exploring this place.
 F = Levels seen in this place.
 G = Mean time per level.
                   A        B        C        D        E       F      G
               +--------+--------+--------+--------+--------+-----+--------+
         Total |   7919 |   6948 |    971 |   1201 |   3883 |  10 |  791.9 |
       Dungeon |   7781 |   6810 |    971 |   1201 |   3762 |   9 |  864.6 |
        Temple |    138 |    138 |      0 |      0 |    120 |   1 |  138.0 |
               +--------+--------+--------+--------+--------+-----+--------+

Top non-repeatable levels by time:
     D:6: 1624 daAuts
     D:8: 1199 daAuts
     D:7: 993 daAuts
     D:5: 881 daAuts
     D:1: 857 daAuts
     D:3: 851 daAuts
     D:2: 730 daAuts
     D:4: 599 daAuts
  Temple: 138 daAuts
     D:9: 43 daAuts
